Map: Ulrena

Players

capac - Winner!

  • Race: Terran Terran
  • League: Gold

A.I. 1 (Elite)

  • Race: Zerg Zerg

VOD

Have the link to the VOD?

Description

Time

  • Played on: March 10, 2016, 2:42 p.m.
  • Length: 13:14
Show
View Real Time Build Order
Export as new Build Order

capac Terran - Winner!

Build Orders: MMM Bio 

Get SALT Encoding   

  12  0:01  SCV  
  13  0:13  SCV  
  14  0:18  Supply Depot  
  14  0:25  SCV  
  15  0:40  SCV  
  16  0:43  Barracks  
  16  0:52  Refinery, SCV  
  17  1:04  SCV  
  18  1:16  SCV  
  19  1:28  SCV  
  20  1:36  Command Center  
  20  1:40  Barracks Reactor  
  20  1:42  SCV  
  21  1:49  Supply Depot  
  21  1:57  Orbital Command  
  21  2:16  Barracks  
  21  2:17  Marine x2  
  23  2:26  SCV  
  24  2:33  Factory  
  24  2:36  Marine x2  
  26  2:44  Refinery  
  26  2:46  SCV  
  27  2:52  Orbital Command  
  27  2:57  Marine x2  
  29  3:03  SCV  
  30  3:06  Barracks Tech Lab  
  30  3:17  Factory Tech Lab, SCV  
  31  3:22  Starport  
  31  3:24  Marine  
  31  3:26  Marine  
  33  3:29  Marine, SCV  
  35  3:39  Siege Tank  
  38  3:44  SCV x2  
  40  3:50  Supply Depot  
  40  3:52  Marine x2  
  40  3:54  Marine  
  43  4:00  Medivac  
  45  4:03  SCV  
  46  4:11  SCV  
  46  4:12  Marine x2  
  46  4:13  Supply Depot  
  46  4:15  SCV  
  50  4:21  Refinery  
  50  4:23  SCV  
  51  4:28  Marine  
  52  4:33  Starport Reactor  
  52  4:34  Siege Tank  
  52  4:37  SCV x2  
  57  4:38  Supply Depot  
  57  4:40  Marine x2  
  59  4:48  Marine  
  59  4:52  SCV x2  
  62  4:57  Barracks  
  62  5:00  Marine x2  
  62  5:01  Supply Depot  
  65  5:07  SCV x2  
  65  5:11  Stimpack  
  65  5:12  Barracks  
  66  5:16  Medivac x2  
  70  5:23  SCV x2  
  70  5:25  Supply Depot  
  72  5:33  Siege Tank  
  72  5:35  SCV x2  
  77  5:41  Refinery  
  77  5:45  Marine  
  77  5:46  Marine x2  
  77  5:47  Barracks Reactor  
  77  5:48  Supply Depot  
  80  5:54  Medivac  
  80  5:56  Medivac  
  84  6:06  Barracks Reactor  
  84  6:09  Engineering Bay  
  84  6:11  Engineering Bay, Marine x3  
  84  6:15  Supply Depot  
  87  6:19  Supply Depot  
  87  6:29  Marine x3  
  87  6:31  Command Center  
  90  6:33  SCV x2  
  92  6:45  Terran Infantry Weapons Level 1, Terran Infantry Armor Level 1  
  92  6:46  Siege Tank  
  95  6:48  Marine x5  
  100  6:58  Marine x2  
  102  7:06  Marine x2  
  85  7:33  Liberator x2  
  85  7:36  Marine x4  
  78  7:37  Marine x2  
  78  7:38  Marine  
  82  7:47  Combat Shields  
  82  7:49  Siege Tank  
  91  7:53  Supply Depot x2  
  91  7:54  Marine x5  
  96  8:03  Armory  
  96  8:07  Marine  
  96  8:08  Marine  
  96  8:12  Marine x2  
  100  8:13  SCV  
  100  8:14  SCV  
  100  8:19  Liberator  
  71  8:20  Liberator  
  102  8:22  Siege Tank  
  102  8:24  Supply Depot  
  102  8:25  Supply Depot  
  105  8:34  SCV x2  
  105  8:40  Marine x3  
  116  8:51  Marine x4  
  120  8:57  Orbital Command, SCV x2  
  122  9:06  Terran Infantry Weapons Level 2  
  122  9:28  Marine x3  
  122  9:29  Terran Infantry Armor Level 2, Marine x3  
  122  9:30  Marine  
  129  9:48  Marine x5  
  129  9:49  Marine x2  
  119  10:12  Marine x3  
  119  10:13  Marine x3  
  125  10:20  Marine  
  122  10:23  Liberator x2  
  121  10:30  Marine x4  
  121  10:31  Marine x2  
  121  10:34  SCV x2  
  121  10:35  SCV  
  130  10:38  Marine  
  130  10:39  Siege Tank  
  130  10:41  Supply Depot  
  136  10:43  Supply Depot  
  136  10:46  SCV x2  
  136  10:47  SCV  
  136  10:48  Marine  
  137  10:54  Marine  
  137  10:55  Marine x4  
  137  10:56  Marine  
  143  11:12  Marine x2  
  143  11:13  Marine x3  
  148  11:20  Marine  
  148  11:21  Marine  
  148  11:22  SCV x3  
  153  11:30  Marine x2  
  155  11:34  SCV x2  
  157  11:49  Marine x3  
  157  11:50  Marine x4  
  164  12:08  Medivac x2  
Show
View Real Time Build Order
Export as new Build Order

A.I. 1 (Elite) Zerg 

Build Orders: Hatch First 

Get SALT Encoding   

  12  0:00  Drone  
  13  0:12  Overlord  
  13  0:17  Drone  
  14  0:30  Drone x2  
  14  0:34  Drone  
  17  0:55  Hatchery  
  17  0:56  Drone  
  17  1:11  Spawning Pool  
  17  1:13  Drone  
  17  1:17  Extractor  
  16  1:19  Drone  
  16  1:23  Drone  
  18  1:27  Drone  
  19  1:38  Overlord  
  19  1:49  Drone  
  20  2:00  Zergling x2  
  20  2:01  Queen  
  21  2:07  Drone  
  24  2:14  Queen  
  26  2:20  Drone  
  27  2:34  Roach Warren  
  27  2:36  Extractor, Drone  
  26  2:41  Drone  
  27  2:46  Overlord  
  27  2:51  Drone  
  28  2:54  Drone  
  28  2:56  Drone  
  30  3:00  Drone  
  30  3:04  Drone  
  32  3:06  Zergling x2  
  32  3:10  Zergling x2  
  34  3:14  Roach  
  34  3:18  Roach  
  38  3:22  Roach  
  38  3:26  Roach  
  42  3:28  Drone  
  42  3:30  Drone  
  44  3:36  Overlord  
  44  3:43  Lair  
  44  3:54  Drone x3  
  44  3:55  Drone  
  48  3:57  Drone  
  48  4:00  Drone  
  48  4:02  Drone  
  51  4:04  Drone  
  51  4:08  Overlord  
  52  4:26  Zergling x2, Drone x5  
  52  4:27  Zergling x4  
  60  4:32  Overlord  
  60  4:35  Overlord  
  60  4:43  Drone, Hydralisk Den  
  60  4:45  Infestation Pit, Drone  
  60  4:50  Roach x3  
  68  4:52  Roach  
  68  4:56  Overlord  
  68  5:12  Hydralisk x3  
  74  5:14  Hydralisk  
  74  5:17  Drone  
  74  5:18  Drone  
  74  5:21  Overlord  
  78  5:24  Hive  
  78  5:26  Infestor  
  78  5:27  Zergling x2  
  80  5:38  Overlord  
  80  5:41  Overlord  
  80  5:45  Evolution Chamber, Drone  
  80  5:50  Overlord, Drone, Evolution Chamber  
  80  5:54  Overlord, Infestor  
  82  6:01  Zergling x2  
  82  6:03  Zergling x2  
  84  6:04  Zergling x2  
  84  6:05  Zergling x2  
  84  6:07  Zergling x2  
  84  6:08  Zergling x2  
  88  6:11  Overlord  
  88  6:16  Overlord  
  88  6:22  Infestor  
  90  6:27  Drone  
  90  6:28  Roach  
  90  6:29  Extractor, Drone  
  90  6:31  Evolution Chamber  
  90  6:32  Drone  
  95  6:33  Extractor, Roach  
  95  6:34  Drone  
  95  6:36  Hatchery, Drone  
  95  6:50  Metabolic Boost  
  95  6:51  Drone x3  
  98  6:56  Drone x3  
  101  7:04  Zerg Melee Weapons Level 1  
  101  7:11  Overseer  
  101  7:17  Zerg Missile Weapons Level 1  
  101  7:25  Baneling Nest  
  101  7:27  Zergling x8, Roach  
  101  7:28  Zergling x6  
  101  7:29  Zergling x2  
  91  7:30  Zergling x2  
  91  7:35  Roach x2  
  91  7:36  Roach  
  91  7:39  Roach  
  93  7:48  Drone x2  
  93  7:49  Drone  
  93  7:50  Zerg Ground Armor Level 1  
  96  7:53  Drone  
  96  7:54  Drone  
  96  7:55  Extractor, Drone x2  
  96  7:57  Ravager  
  96  7:58  Drone  
  101  7:59  Extractor  
  101  8:01  Drone  
  101  8:04  Drone  
  101  8:05  Hatchery  
  101  8:06  Ravager  
  101  8:07  Drone x2  
  101  8:08  Roach  
  101  8:09  Drone  
  101  8:11  Baneling x2  
  101  8:12  Drone  
  108  8:13  Baneling  
  108  8:15  Drone  
  108  8:17  Baneling  
  108  8:18  Baneling  
  108  8:19  Drone  
  110  8:20  Baneling  
  110  8:22  Baneling  
  110  8:23  Drone  
  110  8:24  Baneling  
  110  8:25  Zergling x2, Baneling, Roach, Drone  
  110  8:26  Zergling x2  
  116  8:28  Baneling  
  116  8:29  Baneling  
  116  8:30  Drone  
  117  8:34  Drone  
  117  8:37  Drone  
  117  8:38  Zergling x2  
  117  8:39  Zergling x4  
  117  8:40  Centrifical Hooks  
  117  8:41  Zergling x2  
  123  8:45  Zergling x2, Baneling  
  123  8:48  Hydralisk  
  124  8:51  Hydralisk  
  128  8:56  Overlord, Infestor  
  128  8:57  Drone  
  128  8:59  Drone  
  128  9:01  Baneling  
  128  9:02  Zergling x2  
  133  9:04  Baneling  
  133  9:08  Roach  
  135  9:11  Roach x2  
  135  9:13  Zergling x2, Baneling  
  135  9:15  Zergling x2, Baneling x2  
  135  9:16  Overlord  
  141  9:17  Zerg Melee Weapons Level 2  
  141  9:18  Drone  
  141  9:22  Drone  
  141  9:24  Drone  
  144  9:26  Zerg Missile Weapons Level 2  
  144  9:27  Extractor, Drone  
  144  9:29  Drone x2  
  146  9:35  Extractor, Drone  
  146  9:45  Spine Crawler  
  145  9:46  Drone  
  145  9:49  Zergling x2, Baneling x2  
  145  9:50  Roach x3  
  145  9:51  Zergling x4, Roach  
  145  9:52  Zergling x2, Drone x2  
  145  9:56  Zergling x2  
  145  9:59  Hydralisk  
  114  10:00  Zergling x2, Hydralisk, Drone, Roach  
  114  10:02  Zergling x2  
  114  10:06  Drone  
  107  10:10  Baneling x2, Drone  
  107  10:11  Ravager x2, Roach  
  107  10:12  Zergling x2, Baneling  
  107  10:14  Zergling x4, Drone  
  110  10:17  Drone  
  100  10:21  Drone  
  100  10:22  Baneling x2  
  100  10:23  Baneling x3, Drone x2  
  100  10:28  Drone  
  100  10:32  Zergling x2  
  100  10:33  Zergling x2, Roach, Drone x2  
  100  10:35  Zergling x2  
  97  10:39  Roach  
  90  10:43  Roach  
  90  10:44  Roach  
  90  10:46  Hydralisk, Drone, Roach  
  90  10:48  Drone  
  89  10:50  Drone  
  89  10:53  Drone  
  89  10:56  Drone x2  
  88  11:00  Drone  
  89  11:04  Drone  
  89  11:07  Zergling x2, Drone  
  89  11:11  Drone  
  88  11:15  Drone  
  88  11:17  Infestor, Drone  
  88  11:18  Roach x2  
  89  11:19  Zergling x2  
  89  11:21  Drone  
  88  11:25  Drone  
  88  11:28  Drone  
  64  11:47  Zergling x2  
  64  11:48  Roach, Drone  
  51  12:09  Drone  
  48  12:17  Drone  
  48  12:22  Drone  
  48  12:26  Drone  
  49  12:35  Drone  
Tags
 
Composition
MMM Bio
League
Gold
Matchup
TvZ
Add a new tag
Caveats
  • Supply blocks, unpowered buildings, or Contaminate may cause inaccurate times.
  • Supply counts are checked every 10 seconds.